 Dungeon Crawl Stone Soup version 0.30-a0-956-gcec3b41aec (webtiles) character file.

Game seed: 8476804327475553041

19943 DeathPants the Basher (level 12, -7/65 HPs)
             Began as a Vine Stalker Enchanter on Mar 29, 2023.
             Was an Initiate of Gozag.
             Mangled by a skeletal warrior
             ... wielding a +0 dire flail
              (16 damage)
             ... on level 12 of the Dungeon.
             The game lasted 00:45:21 (12528 turns).

DeathPants the Basher (Vine Stalker Enchanter)     Turns: 12528, Time: 00:45:22

Health: -7/65      AC:  7    Str: 15    XL:     12   Next: 74%
Magic:  0/34       EV: 14    Int: 19    God:    Gozag
Gold:   2080       SH:  5    Dex: 16    Spells: 21/27 levels left

rFire   . . .      SeeInvis .    a - +5 eveningstar (drain)
rCold   . . .      Faith    .    (no shield)
rNeg    . . .      Spirit   +    J - +2 robe {Will+}
rPois   +          Reflect  +    e - +2 helmet
rElec   +          Rampage  .    (no cloak)
rCorr   .                        L - +1 pair of gloves of Lugonu's Respect {*Corrode rElec MP+9 Int+4}
Will    +....                    g - +1 pair of boots
Stlth   +++                      N - amulet of reflection
HPRegen 1.10/turn                h - ring of wizardry
MPRegen 0.24/turn                w - ring of poison resistance

@: weak-willed, corroded, very slightly contaminated
A: fangs 3, regeneration 1, magic shield, antimagic bite, no potion heal 2
a: Renounce Religion, Potion Petition, Call Merchant, Bribe Branch


You were on level 12 of the Dungeon.
You worshipped Gozag.
Gozag was most pleased with you.
You visited 2 branches of the dungeon, and saw 13 of its levels.

You collected 2212 gold pieces.
You paid 132 gold pieces to Gozag.

Inventory:

Hand Weapons
 a - a +5 eveningstar of draining (weapon)
 b - a +1 heavy morningstar
Missiles
 p - 9 boomerangs of dispersal
 y - 6 boomerangs
 z - 26 poisoned darts
 B - 6 datura-tipped darts
 S - a curare-tipped dart
Armour
 e - a +2 helmet (worn)
 g - a +1 pair of boots (worn)
 J - a +2 robe of willpower (worn)
 L - the +1 pair of gloves of Lugonu's Respect (worn) {*Corrode rElec MP+9 Int+4}
   (You found it on level 8 of the Dungeon)

   Int:       It affects your intelligence (+4).
   rElec:     It insulates you from electricity.
   MP:        It affects your magic capacity (+9).
   *Corrode:  It may corrode you when you take damage.
Jewellery
 h - a ring of wizardry (left hand)
 k - a ring of positive energy
 w - a ring of poison resistance (right hand)
 C - a ring of see invisible
 N - an amulet of reflection (around neck)
Wands
 F - a wand of flame (15)
 G - a wand of charming (12)
 O - a wand of mindburst (5)
 P - a wand of iceblast (3)
Scrolls
 j - 3 scrolls of vulnerability
 m - a scroll of enchant weapon {unknown}
 n - 2 scrolls of fear {unknown}
 o - a scroll of blinking
 s - a scroll of immolation {unknown}
 t - 2 scrolls of amnesia
 v - 2 scrolls of magic mapping {unknown}
 x - a scroll of butterflies {unknown}
 E - a scroll of poison
 M - a scroll of fog
 Q - a scroll of teleportation
Potions
 c - 3 potions of resistance
 i - 3 potions of curing
 l - 2 potions of cancellation {unknown}
 q - 4 potions of attraction
 r - 4 potions of brilliance
 u - 4 potions of magic
 A - a potion of haste
 D - a potion of might
 H - a potion of flight
 I - 5 potions of mutation
 K - a potion of invisibility
 R - a potion of lignification {unknown}
 T - a potion of berserk rage


   Skills:
 + Level 8.9 Fighting
 - Level 0.9 Short Blades
 * Level 12.4 Maces & Flails
 - Level 0.6(7.9) Staves
 - Level 5.1 Dodging
 - Level 5.3 Stealth
 + Level 8.1 Spellcasting
 - Level 6.0 Hexes
 - Level 5.1 Necromancy


You had 21 spell levels left.
You knew the following spells:

 Your Spells              Type           Power      Damage    Failure   Level
a - Tukima's Dance        Hex            30%        N/A       1%          3
b - Vampiric Draining     Necr           27%        2d7       1%          3

Your spell library contained the following spells:

 Spells                   Type           Power      Damage    Failure   Level
 Slow                     Hex            100%       N/A       1%          1
 Ensorcelled Hibernation  Hex/Ice        38%        N/A       1%          2
 Confusing Touch          Hex            30%        N/A       1%          3
 Dazzling Flash           Conj/Hex       38%        N/A       3%          3
 Portal Projectile        Hex/Tloc       38%        N/A       3%          3
 Kindle Blastsparks       Fire/Tloc/Air  14%        2d11      11%         3
 Fulminant Prism          Conj/Hex       9%         3d7       11%         4
 Silence                  Hex/Air        9%         N/A       28%         5
 Iskenderun's Mystic Bla  Conj/Tloc      7%         2d4       32%         4
 Passage of Golubria      Tloc           7%         N/A       32%         4
 Blade Hands              Tmut           3%         N/A       65%         5
 Fireball                 Conj/Fire      3%         3d4       65%         5
 Irradiate                Conj/Tmut      3%         3d12      65%         5
 Iskenderun's Battlesphe  Conj           7%         2d6       65%         5
 Lee's Rapid Deconstruct  Erth           3%         3d5*      65%         5
 Conjure Ball Lightning   Conj/Air       3%         3x3d6     99%         6
 Dragon Form              Tmut           3%         N/A       100%        7
 Orb of Destruction       Conj           3%         9d5       100%        7
 Lehudib's Crystal Spear  Conj/Erth      3%         10d3      100%        8


Dungeon Overview and Level Annotations

Branches:
Dungeon (12/15)            Temple (1/1) D:6            Lair (0/5) D:10
    Orc (0/2) D:11

Altars:
Ashenzari
Cheibriados
Dithmenos
Fedhas
Gozag
Hepliaklqana
Kikubaaqudgha
Makhleb
Okawaru
Qazlal
Ru
Trog
Vehumet
Wu Jian

Portals:
Trove: D:11 (give +5 demon whip)

Annotations:
D:5 1 runed translucent door, olddryhag's ghost, novice TrFi
D:9 1 runed translucent door


Innate Abilities, Weirdness & Mutations

You have razor-sharp teeth.
Your natural rate of healing is unusually fast.
When hurt, damage is shared between your health and your magic reserves.
Your bite disrupts and absorbs the magic of your enemies.
Potions cannot restore your health.


Message History

Aim: a skeletal warrior, wielding a +0 dire flail and quivering stones (weak-willed, chance to affect: 33%)
You miscast Tukima's Dance.
You are very lightly contaminated with residual magic.
Nothing appears to happen.
Magical energy flows into your mind!
Aiming: Tukima's Dance (safe; 1% risk of failure)
Press: ? - help, Q - select action, (/) - cycle Shift-Dir - straight line, f/p - skeletal warrior
Aim: a skeletal warrior, wielding a +0 dire flail and quivering stones (weak-willed, chance to affect: 33%)
The skeletal warrior easily resists.
You closely miss the skeletal warrior.
The skeletal warrior hits you with a +0 dire flail!
You hit the skeletal warrior.
You bite the skeletal warrior, but do no damage.
The skeletal warrior is lightly damaged.
The skeletal warrior hits you with a +0 dire flail!!
You hit the skeletal warrior but do no damage.
Your bite misses the skeletal warrior.
The skeletal warrior is lightly damaged.
The skeletal warrior hits you with a +0 dire flail!
You barely miss the skeletal warrior.
You bite the skeletal warrior, but do no damage.
The skeletal warrior is lightly damaged.
The skeletal warrior hits you with a +0 dire flail.
A cyclops comes into view.
The cyclops shouts!
You hit the skeletal warrior. Your bite misses the skeletal warrior.
The skeletal warrior is lightly damaged.
The skeletal warrior hits you with a +0 dire flail!!
You barely miss the skeletal warrior.
The skeletal warrior is lightly damaged.
The cyclops throws a large rock.
The large rock closely misses you.
The skeletal warrior hits you with a +0 dire flail!!
* * * LOW HITPOINT WARNING * * *
You hit the skeletal warrior but do no damage.
You bite the skeletal warrior, but do no damage.
The skeletal warrior is lightly damaged.
You hit the skeletal warrior. Your bite misses the skeletal warrior.
The skeletal warrior is lightly damaged.
The skeletal warrior hits you with a +0 dire flail!!
You die...
Your body crumbles into a pile of gold.

# #...... #....(....
### #..#...... ..#
.C.#. .... #.#####
#>.. ..... #...).###
#..##...
.####...#######.....
. ###......##.#z# #
######....@.# $
####.........
#.##....## ..#
###... #.## #. #. #.
#.


You could see a skeletal warrior (weak-willed) and a cyclops.

Vanquished Creatures
  A hydra (D:11)
  2 boulder beetles
  2 centaur warriors
  2 two-headed ogres
  Sonja (D:11)
  2 skeletal warriors (D:11)
  A deep elf pyromancer (D:9)
  A manticore (D:12)
  An oklob plant (D:10)
  Psyche (D:8)
  2 unseen horrors
  A kobold demonologist (D:11)
  A gargoyle (D:12)
  A komodo dragon (D:12)
  3 trolls
  Prince Ribbit (D:6)
  Grinder (D:4)
  3 hornets
  A shadow (D:11)
  5 wyverns
  3 wraiths
  2 yaks (D:9)
  3 steam dragons
  3 vampire mosquitoes
  3 acid dragons (D:9)
  A water moccasin (D:9)
  Duvessa (D:7)
  11 orc warriors
  An ice beast (D:8)
  3 black bears
  7 ogres
  4 centaurs
  4 phantoms
  4 kobold brigands (D:11)
  5 gnoll sergeants
  3 bullfrogs
  A scorpion (D:6)
  5 wights
  18 killer bees
  Dowan (D:7)
  12 howler monkeys
  2 hounds
  A jelly (D:4)
  7 orc priests
  3 gnoll boudas
  5 sleepcaps
  3 iguanas
  18 orc wizards
  28 gnolls
  7 adders
  3 shadow imps
  2 white imps
  3 worms
  3 dart slugs
  45 orcs
  3 bats
  4 endoplasms
  6 giant cockroaches
  7 goblins
  A hobgoblin (D:3)
  2 jackals (D:2)
  6 kobolds
  8 quokkas
  6 ball pythons
  4 frilled lizards
  7 rats
312 creatures vanquished.

Vanquished Creatures (collateral kills)
  A gargoyle (D:10)
  2 centaurs
  A wight (D:9)
  A howler monkey (D:9)
  5 gnolls
  An orc (D:9)
11 creatures vanquished.

Vanquished Creatures (others)
  10 dancing weapons
  2 plants (D:10)
12 creatures vanquished.

Grand Total: 335 creatures vanquished

Notes
Turn   | Place    | Note
-------+----------+-------------------------------------------
     0 | D:1      | DeathPants the Vine Stalker Enchanter began the quest for
                  | the Orb.
     0 | D:1      | Reached XP level 1. HP: 9/9 MP: 4/4
   245 | D:1      | Reached XP level 2. HP: 11/13 MP: 6/6
  1123 | D:1      | Identified a scroll of acquirement
  1123 | D:1      | Acquired a +5 eveningstar of draining
  1176 | D:3      | Reached XP level 3. HP: 14/17 MP: 5/7
  1250 | D:2      | Found a snail-covered altar of Cheibriados.
  1439 | D:2      | Found a faded altar of an unknown god.
  1445 | D:2      | Reached skill level 1 in Fighting
  1536 | D:2      | Reached skill level 1 in Maces & Flails
  1615 | D:2      | Gained mutation: Your natural rate of healing is unusually
                  | fast. [Vine Stalker growth]
  1615 | D:2      | Reached XP level 4. HP: 22/22 MP: 7/9
  1785 | D:3      | Learned a level 3 spell: Tukima's Dance
  1917 | D:3      | Reached XP level 5. HP: 8/25 MP: 2/10
  1921 | D:3      | Reached skill level 2 in Maces & Flails
  2117 | D:3      | Noticed an ogre
  2123 | D:3      | Killed an ogre
  2124 | D:3      | Reached XP level 6. HP: 30/30 MP: 9/12
  2206 | D:3      | Reached skill level 3 in Maces & Flails
  2475 | D:4      | Noticed Grinder
  2491 | D:4      | Killed Grinder
  2492 | D:4      | Reached XP level 7. HP: 35/35 MP: 12/14
  2523 | D:5      | Entered Level 5 of the Dungeon
  2749 | D:4      | Reached skill level 4 in Maces & Flails
  2761 | D:4      | Learned a level 3 spell: Vampiric Draining
  2850 | D:5      | Noticed a wyvern
  2861 | D:4      | HP: 1/36 [orc wizard/+0 dagger (1)]
  2868 | D:4      | Reached skill level 1 in Necromancy
  3015 | D:5      | Gained mutation: You have razor-sharp teeth. [Vine Stalker
                  | growth]
  3015 | D:5      | Reached XP level 8. HP: 31/40 MP: 15/15
  3024 | D:5      | Killed a wyvern
  3025 | D:5      | Reached skill level 5 in Hexes
  3293 | D:4      | Found a burning altar of Makhleb.
  3293 | D:4      | Found an ancient bone altar of Kikubaaqudgha.
  3876 | D:6      | Reached skill level 5 in Maces & Flails
  4189 | D:5      | Found a runed translucent door.
  4190 | D:5      | Noticed olddryhag's ghost (novice TrFi)
  4293 | D:5      | Reached skill level 5 in Spellcasting
  4674 | D:6      | Reached XP level 9. HP: 34/45 MP: 6/17
  4878 | D:6      | Reached skill level 6 in Maces & Flails
  4893 | D:6      | Noticed Prince Ribbit
  4916 | D:6      | Killed Prince Ribbit
  5288 | D:6      | Found a staircase to the Ecumenical Temple.
  5294 | Temple   | Entered the Ecumenical Temple
  5301 | Temple   | Became a worshipper of Gozag Ym Sagoz the Greedy
  5687 | D:7      | Reached skill level 7 in Maces & Flails
  5890 | D:7      | Reached skill level 5 in Fighting
  6166 | D:7      | Noticed Duvessa
  6168 | D:7      | Noticed Dowan
  6176 | D:7      | Killed Duvessa
  6178 | D:7      | Killed Dowan
  6256 | D:7      | Reached XP level 10. HP: 51/51 MP: 17/19
  6296 | D:7      | Found a faded altar of an unknown god.
  6296 | D:7      | Found the Hermit's Pendant {Faith Invo=14 Evo=0 MP+5}
  6297 | D:7      | Noticed a boulder beetle
  6353 | D:7      | Killed a boulder beetle
  6719 | D:8      | Reached skill level 8 in Maces & Flails
  6719 | D:8      | Reached skill level 5 in Necromancy
  6825 | D:8      | Noticed Psyche
  6839 | D:8      | Killed Psyche
  6905 | D:8      | Found a broken altar of Ashenzari.
  6983 | D:8      | Identified the +1 pair of gloves of Lugonu's Respect
                  | {*Corrode rElec MP+9 Int+4}
  7529 | D:10     | Entered Level 10 of the Dungeon
  7529 | D:10     | Found a stormy altar of Qazlal.
  8085 | D:8      | Reached skill level 9 in Maces & Flails
  8335 | D:9      | Found a runed translucent door.
  8499 | D:9      | Paralysed by a hornet for 1 turns
  8671 | D:9      | Found a runed translucent door.
  8718 | D:9      | Reached XP level 11. HP: 50/58 MP: 20/20
  8974 | D:9      | Noticed a two-headed ogre
  9096 | D:9      | Reached skill level 5 in Stealth
  9172 | D:9      | Reached skill level 5 in Dodging
  9449 | D:9      | Reached skill level 10 in Maces & Flails
  9454 | D:9      | Noticed a deep elf pyromancer
  9467 | D:9      | Killed a deep elf pyromancer
  9481 | D:9      | Noticed a centaur warrior
  9491 | D:9      | Killed a centaur warrior
  9656 | D:9      | Killed a two-headed ogre
  9875 | D:10     | Found a staircase to the Lair.
  9875 | D:10     | Noticed an oklob plant
 10080 | D:10     | Killed an oklob plant
 10095 | D:10     | Paralysed by a hornet for 2 turns
 10482 | D:10     | Reached skill level 11 in Maces & Flails
 10675 | D:11     | Found a portal to a secret trove of treasure.
 10837 | D:11     | Reached XP level 12. HP: 64/64 MP: 23/23
 11047 | D:11     | Found a staircase to the Orcish Mines.
 11195 | D:12     | Noticed Sonja
 11441 | D:11     | Killed Sonja
 12254 | D:12     | Noticed a six-headed hydra
 12254 | D:12     | Noticed a centaur warrior
 12275 | D:11     | Killed a six-headed hydra
 12276 | D:11     | Reached skill level 12 in Maces & Flails
 12331 | D:12     | Noticed a boulder beetle
 12347 | D:12     | Killed a boulder beetle
 12352 | D:12     | Noticed a two-headed ogre
 12358 | D:12     | Killed a two-headed ogre
 12374 | D:12     | Killed a centaur warrior
 12528 | D:12     | Mangled by a skeletal warrior

Illustrated notes

Levels and vault maps discovered:
D:1:      evilmike_arrival_hilbert_curve, layout_loops_ring,
          palyth_stone_intersect, kennysheep_minor_cross,
          kennysheep_flooded_box, nicolae_figureground_sparkle
D:2:      layout_rooms, hellmonk_ecumenical_altar_inner_sanctum, basic_altar,
          nrook_mini_backslash
D:3:      layout_loops_ring, chequers_avenue, hellmonk_no_cap
D:4:      layout_basic, nicolae_overflow_two_pavilions, gup_sewer_entry_pipe,
          minmay_ruptured, uniq_grinder
D:5:      layout_loops_ring, hellmonk_ghost_happy_afterlife,
          hellmonk_bongcloud_opening, amcnicky_mini_pool_small
D:6:      layout_basic, minmay_temple_entry_hall, uniq_prince_ribbit1
D:7:      layout_basic, hellmonk_guarded_unrand_hermit, uniq_duvessa
D:8:      layout_loops_ring, mainiacjoe_overflow_alcove_1, uniq_psyche
D:9:      cheibrodos_histonic, layout_long_grid, minmay_increasing_density
D:10:     layout_gridville, nicolae_qazlal_scattered_showers, dpeg_oklobed_lair
D:11:     layout_stronghold, kennysheep_orc_monster_closet_entryway,
          nicolae_trove_entry_isolated
D:12:     wad_arrow_thing, layout_rooms, nicolae_wu_jian_immortal_techniques,
          uniq_sonja
Temple:   dpeg_three_leaves_temple

Skill      XL: |  1  2  3  4  5  6  7  8  9 10 11 12 |
---------------+-------------------------------------+-----
Fighting       | 1 2 3 4 5 6 7 8 |  8.9
Maces & Flails | 1 2 3 4 5 7 9 11 12 | 12.4
Spellcasting   | 3 4 5 6 8 |  8.1
Hexes          | 4 5 6 |  6.0
Necromancy     | 1 2 4 5 |  5.1
Dodging        | 3 4 5 |  5.1
Stealth        | 4 5 |  5.3
Short Blades   | |  0.9
Staves         | |  0.6

Action                     |  1- 3 |  4- 6 |  7- 9 | 10-12 || total
---------------------------+-------+-------+-------+-------++-------
  Melee: Quarterstaff      |    42 |       |       |       ||    42
         Bite              |    11 |    15 |    53 |   162 ||   241
         Dagger            |     3 |       |       |       ||     3
         Eveningstar       |    25 |    67 |   234 |   521 ||   847
         Punch             |       |     1 |     3 |    11 ||    15
         Morningstar       |       |       |       |     6 ||     6
  Throw: Dart              |       |       |     3 |     4 ||     7
         Throwing net      |       |       |     1 |     1 ||     2
   Cast: Tukima's Dance    |       |       |    14 |    35 ||    49
         Vampiric Draining |       |       |     2 |     3 ||     5
    Use: Scroll            |     6 |     1 |     8 |    13 ||    28
         Potion            |       |     3 |     2 |     5 ||    10
   Stab: Sleeping          |    11 |     2 |     6 |     3 ||    22
         Invisible         |       |     1 |       |     4 ||     5
         Distracted        |       |       |       |     3 ||     3
 Armour: Robe              |    12 |    16 |    54 |   197 ||   279
  Dodge: Dodged            |    27 |    56 |   192 |   465 ||   740
  Block: Other             |       |       |       |    11 ||    11

Table legend: (Time is in decaauts)
 A = Elapsed time spent in this place.
 B = Non-inter-level travel time spent in this place.
 C = Inter-level travel time spent in this place.
 D = Time resting spent in this place.
 E = Time spent auto-exploring this place.
 F = Levels seen in this place.
 G = Mean time per level.
                   A        B        C        D        E       F      G
               +--------+--------+--------+--------+--------+-----+--------+
         Total |  12703 |  12428 |    275 |    974 |   7864 |  13 |  977.2 |
       Dungeon |  12688 |  12419 |    269 |    974 |   7864 |  12 | 1057.3 |
        Temple |     14 |      8 |      6 |      0 |      0 |   1 |   14.0 |
               +--------+--------+--------+--------+--------+-----+--------+

Top non-repeatable levels by time:
     D:9: 2171 daAuts
    D:11: 1560 daAuts
     D:4: 1375 daAuts
     D:1: 1109 daAuts
     D:7: 1095 daAuts
     D:8: 1032 daAuts
    D:10: 950 daAuts
     D:6: 950 daAuts
     D:3: 793 daAuts
     D:5: 764 daAuts
     D:2: 599 daAuts
    D:12: 284 daAuts
  Temple: 14 daAuts
